AoeStats
← saikrishan399

Arabia

510020197Analyzed
4v4 RM · 3d ago on Sep 29, 2026· 18m 54s· 8 players
Game mode
Random Map
Map size
Large (8 player)
Population
200
Speed
Normal
Resources
Standard
Victory
Conquest
Starting age
Dark Age
Ending age
Imperial Age
RankedLock teamsTeams togetherTeam positionsShared explorationLock speedFull tech treeHidden civsTurbo modeCheats
Victory
Defeat
🇹🇼 Ethiopians · Taiwan
836
+20
🇨🇳 Teutons · China
804
+15
🇪🇸 Chinese · Spain
782
+16
🇮🇳 Vietnamese · India
692
+21
🇨🇴 Celts · Colombia
823
-18
🇺🇸 Varangians · United States
792
-17
🇨🇴 Spanish · Colombia
783
-16
🇲🇽 Spanish · Mexico
758
-15
Arsaavedra23
brandongroso
12:24 Feudal Age
12:26 Man-at-Arms
jolman.info
KRATOS25085670
Acero
0:49 Loom
14:46 Feudal Age
16:16 Double-Bit Axe
17:04 Man-at-Arms
17:58 Horse Collar
saikrishan399
12:22 Feudal Age
16:59 Double-Bit Axe
19:47 Castle Age
chentao_1209
0:49 Loom
14:28 Feudal Age
a0986101524
7:25 Loom
11:08 Feudal Age
11:42 Double-Bit Axe
11:51 Gold Mining
Connection lost

Rejoining the realm…

Still unreachable

The connection could not be restored.

Session expired

The server has moved on; the page needs a fresh start.